 Dungeon Crawl Stone Soup version 0.31-a0-174-g85c54bcb58 (webtiles) character file.

Game seed: 3136697816616023598

249 qw the Shooter (level 6, -2/56 HPs)
             Began as a Naga Hunter on June 15, 2023.
             Slain by an orc priest
             ... wielding a +0 mace
              (5 damage)
             ... on level 4 of the Dungeon.
             The game lasted 00:01:04 (2611 turns).

qw the Shooter (Naga Hunter)                        Turns: 2611, Time: 00:01:05

Health: -2/56      AC:  3    Str: 13    XL:     6   Next: 12%
Magic:  6/6        EV:  9    Int:  9    God:
Gold:   192        SH:  0    Dex: 17    Spells: 5/5 levels left

rFire   . . .        Y - +1 shortbow
rCold   + . .        (shield currently unavailable)
rNeg    . . .        g - +0 leather armour {rC+}
rPois   +            (no helmet)
rElec   .            (no cloak)
rCorr   .            (no gloves)
SInv    +            (no barding)
Will    .....        (no amulet)
Stlth   ++           (no ring)
HPRegen 0.29/turn    (no ring)
MPRegen 0.10/turn

%: no passive effects
@: about to teleport, short of breath, very slow
A: AC +2, large, see invisible, deformed body, poison resistance, slowness 2,
spit poison 1, naga tail 1
a: Spit Poison


You were on level 4 of the Dungeon.
You visited 1 branch of the dungeon, and saw 4 of its levels.

You collected 192 gold pieces.


Innate Abilities, Weirdness & Mutations

Your serpentine skin is tough. (AC +2)
You have supernaturally acute eyesight. (SInv)
Armour fits poorly on your strangely shaped body.
Your system is resistant to poisons. (rPois)
You cover ground very slowly.
You can spit poison.
You have a snake-like lower body.


   Skills:
 + Level 3.4 Fighting
 - Level 6.0 Ranged Weapons
 - Level 1.5 Dodging
 - Level 1.5 Stealth


You had 5 spell levels left.
You didn't know any spells.
Your spell library was empty.

Inventory:

Hand Weapons
 Y - a +1 shortbow (weapon)
Armour
 g - a +0 leather armour of cold resistance (worn)
Scrolls
 e - 3 scrolls of identify
Potions
 a - a potion of mutation
 b - a potion of magic {unknown}
 c - a potion of might
 d - a potion of brilliance {unknown}
 i - a potion of haste

Dungeon Overview and Level Annotations

Branches:
Dungeon (4/15)
 Temple: D:4-7

Altars:
Kikubaaqudgha
Nemelex Xobeh
Trog
The Shining One


Message History

The arrow hits the orc priest but does no damage.
You have got your breath back.
2602 ||| INVOKING Spit Poison.
Aiming: Spit Poison (1% risk of failure)
Press: ? - help, Shift-Dir - straight line, f - orc The splash of poison misses the orc.
You shoot an arrow. The arrow barely misses the orc.
The arrow hits the orc priest.
The orc priest is lightly wounded.
The orc hits you with a +0 mace.
You shoot an arrow. The arrow hits the orc.
The orc is heavily wounded.
You shoot an arrow. The arrow hits the orc.
You kill the orc!
You shoot an arrow. The arrow hits the orc priest.
The orc priest is moderately wounded.
The orc priest hits you with a +0 mace.
You shoot an arrow.
The arrow hits the orc priest but does no damage.
The orc priest is moderately wounded.
The orc priest hits you with a +0 mace. x2
2608 ||| READING scroll of teleportation.
As you read the scroll of teleportation, it crumbles to dust.
You feel strangely unstable.
You have got your breath back.
The orc priest barely misses you.
2609 ||| INVOKING Spit Poison.
Aiming: Spit Poison (1% risk of failure)
Press: ? - help, Shift-Dir - straight line, f/p - orc priest The splash of poison misses the orc priest.
The orc priest invokes the aid of Beogh against you.
Beogh smites you!
You shoot an arrow. The arrow hits the orc priest.
The orc priest is heavily wounded.
The orc priest misses you.
You shoot an arrow.
The arrow hits the orc priest but does no damage.
The orc priest is heavily wounded.
The orc priest hits you with a +0 mace.
You die...

..## ....
.....
#.....
#......
.......
##.......
##o#
##@##
###..#
#.#.##
#..##
##.# #.##
#..# ##.#
###.#


You could see an orc priest.

Vanquished Creatures
  2 iguanas (D:3)
  4 adders
  6 gnolls (D:3)
  An ufetubus (D:3)
  3 worms
  11 orcs
  4 ball pythons
  5 endoplasms
  8 goblins
  9 hobgoblins
  4 jackals
  A quokka (D:2)
  5 bats (D:1)
  6 frilled lizards
  9 kobolds
  4 rats
82 creatures vanquished.

Notes
Turn   | Place    | Note
-------+----------+-------------------------------------------
     0 | D:1      | qw the Naga Hunter began the quest for the Orb.
     0 | D:1      | Reached XP level 1. HP: 19/19 MP: 1/1
     0 | D:1      | 0 ||| qw: Version: 0.2-a-29-g511e9b1
     0 | D:1      | 0 ||| qw: Game counter: 5264
     0 | D:1      | 0 ||| qw: Always use a shield: true
     0 | D:1      | 0 ||| qw: God list: Okawaru
     0 | D:1      | 0 ||| qw: Allow faded altars: false
     0 | D:1      | 0 ||| qw: Do Orc after D:15 true
     0 | D:1      | 0 ||| qw: Do second Lair branch before Depths: true
     0 | D:1      | 0 ||| qw: Lair rune preference: random
     0 | D:1      | 0 ||| qw: Plans: Normal
     0 | D:1      | 0 ||| PLANNING D:1-11
    37 | D:1      | 37 ||| INVOKING Spit Poison.
    58 | D:1      | 58 ||| INVOKING Spit Poison.
    78 | D:1      | 78 ||| INVOKING Spit Poison.
   123 | D:1      | 123 ||| INVOKING Spit Poison.
   151 | D:1      | Reached skill level 4 in Ranged Weapons
   151 | D:1      | Reached XP level 2. HP: 26/26 MP: 2/2
   165 | D:1      | Found a faded altar of an unknown god.
   174 | D:1      | 174 ||| INVOKING Spit Poison.
   175 | D:1      | 175 ||| INVOKING Spit Poison.
   189 | D:1      | 189 ||| INVOKING Spit Poison.
   212 | D:1      | 212 ||| INVOKING Spit Poison.
   218 | D:1      | 218 ||| INVOKING Spit Poison.
   222 | D:1      | 222 ||| INVOKING Spit Poison.
   255 | D:1      | 255 ||| INVOKING Spit Poison.
   295 | D:1      | 295 ||| INVOKING Spit Poison.
   298 | D:1      | 298 ||| INVOKING Spit Poison.
   347 | D:1      | 347 ||| INVOKING Spit Poison.
   434 | D:1      | 434 ||| INVOKING Spit Poison.
   435 | D:1      | Reached XP level 3. HP: 32/32 MP: 3/3
   446 | D:1      | 446 ||| INVOKING Spit Poison.
   451 | D:1      | 451 ||| INVOKING Spit Poison.
   593 | D:1      | 593 ||| INVOKING Spit Poison.
   598 | D:1      | 598 ||| INVOKING Spit Poison.
   684 | D:1      | 684 ||| UPGRADING to +0 leather armour of cold resistance.
   694 | D:1      | 694 ||| DROPPING +0 leather armour.
   695 | D:1      | 695 ||| READING scroll labelled JIUNAC YMEWOTYFIER.
   696 | D:1      | 696 ||| READING 4 scrolls labelled GAUS YCKIQOS.
   697 | D:1      | 697 ||| READING 2 scrolls labelled FEDUDUITINY.
   698 | D:1      | 698 ||| READING 2 scrolls labelled ECIASTR HIUS.
   699 | D:1      | 699 ||| READING scroll labelled NIOK LEMEHUUJA.
   702 | D:1      | 702 ||| DRINKING 2 lumpy sapphire potions.
   703 | D:1      | 703 ||| READING 3 scrolls of identify.
   703 | D:1      | 703 ||| IDENTIFYING bubbling purple potion
   704 | D:1      | 704 ||| DROPPING scroll of butterflies.
   705 | D:1      | 705 ||| DROPPING scroll of revelation.
   706 | D:1      | 706 ||| DROPPING scroll of blinking.
   707 | D:1      | 707 ||| DROPPING potion of berserk rage.
   739 | D:2      | 739 ||| INVOKING Spit Poison.
   779 | D:2      | 779 ||| INVOKING Spit Poison.
   794 | D:2      | 794 ||| INVOKING Spit Poison.
   809 | D:2      | 809 ||| INVOKING Spit Poison.
   812 | D:2      | 812 ||| INVOKING Spit Poison.
   818 | D:2      | 818 ||| INVOKING Spit Poison.
   821 | D:2      | 821 ||| INVOKING Spit Poison.
   828 | D:2      | 828 ||| INVOKING Spit Poison.
   833 | D:2      | 833 ||| INVOKING Spit Poison.
   845 | D:2      | 845 ||| INVOKING Spit Poison.
   848 | D:2      | 848 ||| INVOKING Spit Poison.
   865 | D:2      | 865 ||| INVOKING Spit Poison.
   896 | D:2      | 896 ||| INVOKING Spit Poison.
  1037 | D:2      | 1037 ||| INVOKING Spit Poison.
  1134 | D:2      | 1134 ||| INVOKING Spit Poison.
  1137 | D:2      | Found an ancient bone altar of Kikubaaqudgha.
  1220 | D:2      | 1220 ||| INVOKING Spit Poison.
  1224 | D:2      | Reached skill level 5 in Ranged Weapons
  1224 | D:2      | Reached XP level 4. HP: 33/39 MP: 4/4
  1268 | D:2      | 1268 ||| INVOKING Spit Poison.
  1367 | D:2      | 1367 ||| READING scroll labelled CONINU ROATO.
  1368 | D:2      | 1368 ||| READING 2 scrolls of identify.
  1368 | D:2      | 1368 ||| IDENTIFYING amethyst potion
  1369 | D:2      | 1369 ||| DROPPING potion of enlightenment.
  1473 | D:3      | 1473 ||| INVOKING Spit Poison.
  1477 | D:3      | 1477 ||| INVOKING Spit Poison.
  1492 | D:3      | 1492 ||| INVOKING Spit Poison.
  1496 | D:3      | Found a bloodstained altar of Trog.
  1517 | D:3      | 1517 ||| INVOKING Spit Poison.
  1548 | D:3      | 1548 ||| INVOKING Spit Poison.
  1550 | D:3      | 1550 ||| Stepping ~*~*~tactically~*~*~ (outnumbered).
  1554 | D:3      | 1554 ||| INVOKING Spit Poison.
  1557 | D:3      | 1557 ||| INVOKING Spit Poison.
  1563 | D:3      | 1563 ||| INVOKING Spit Poison.
  1564 | D:3      | Reached skill level 3 in Fighting
  1567 | D:3      | Reached XP level 5. HP: 29/49 MP: 5/5
  1652 | D:3      | 1652 ||| INVOKING Spit Poison.
  1666 | D:3      | 1666 ||| INVOKING Spit Poison.
  1672 | D:3      | 1672 ||| INVOKING Spit Poison.
  1677 | D:3      | 1677 ||| INVOKING Spit Poison.
  1717 | D:3      | 1717 ||| INVOKING Spit Poison.
  1721 | D:3      | 1721 ||| INVOKING Spit Poison.
  1884 | D:3      | 1884 ||| INVOKING Spit Poison.
  1922 | D:3      | 1922 ||| INVOKING Spit Poison.
  1926 | D:3      | 1926 ||| INVOKING Spit Poison.
  2116 | D:3      | 2116 ||| INVOKING Spit Poison.
  2148 | D:3      | 2148 ||| READING scroll labelled LUXUOS ROSOCE.
  2149 | D:3      | 2149 ||| READING scroll labelled VUOR ZURIMUQEK.
  2150 | D:3      | 2150 ||| DRINKING 2 brown potions.
  2151 | D:3      | 2151 ||| READING 3 scrolls of identify.
  2151 | D:3      | 2151 ||| IDENTIFYING bubbling sapphire potion
  2152 | D:3      | 2152 ||| READING 2 scrolls of identify.
  2152 | D:3      | 2152 ||| IDENTIFYING ruby potion
  2170 | D:4      | 2170 ||| INVOKING Spit Poison.
  2174 | D:4      | 2174 ||| STAIRDANCE
  2176 | D:3      | 2176 ||| INVOKING Spit Poison.
  2177 | D:3      | HP: 11/49 [ufetubus (4)]
  2178 | D:3      | Reached skill level 6 in Ranged Weapons
  2178 | D:3      | Reached XP level 6. HP: 8/56 MP: 6/6
  2178 | D:3      | 2178 ||| DRINKING potion of heal wounds.
  2183 | D:3      | 2183 ||| INVOKING Spit Poison.
  2321 | D:4      | 2321 ||| INVOKING Spit Poison.
  2500 | D:4      | 2500 ||| INVOKING Spit Poison.
  2504 | D:4      | Found a sparkling altar of Nemelex Xobeh.
  2551 | D:4      | Found a glowing golden altar of the Shining One.
  2557 | D:4      | 2557 ||| INVOKING Spit Poison.
  2593 | D:4      | 2593 ||| INVOKING Spit Poison.
  2596 | D:4      | 2596 ||| Stepping ~*~*~tactically~*~*~ (outnumbered).
  2597 | D:4      | 2597 ||| INVOKING Spit Poison.
  2602 | D:4      | 2602 ||| INVOKING Spit Poison.
  2607 | D:4      | HP: 14/56 [orc priest/+0 mace (5)]
  2608 | D:4      | 2608 ||| READING scroll of teleportation.
  2609 | D:4      | 2609 ||| INVOKING Spit Poison.
  2609 | D:4      | HP: 2/56 [orc priest/divine providence (13)]
  2611 | D:4      | Slain by an orc priest

Levels and vault maps discovered:
D:1:      matt_arrival_diagonals, layout_basic, serial_glass, glass_columns_b,
          glass_columns_a, due_unseen_surprise,
          hellmonk_ecumenical_altar_arch_garden, grunt_decor_arrowhead
D:2:      layout_loops_ring, basic_altar
D:3:      layout_basic, marbit_many_paths
D:4:      layout_cave_pods, nemelex_dance_club_becter, tso_metal_star,
          st_stairs_6

Skill      XL: |  1  2  3  4  5 |
---------------+----------------+-----
Ranged Weapons | 4 5 6 |  6.0
Fighting       | 3 |  3.4
Dodging        | |  1.5
Stealth        | |  1.5

Action                     |  1- 3 |  4- 6 || total
---------------------------+-------+-------++-------
   Fire: Shortbow          |    71 |    80 ||   151
Ability: Spit Poison       |    34 |    29 ||    63
    Use: Scroll            |     6 |     7 ||    13
         Potion            |     1 |     2 ||     3
 Armour: Leather armour    |     8 |    12 ||    20
  Dodge: Dodged            |     9 |    24 ||    33

Table legend:
 A = Non-vault XP
 B = Vault XP
 C = Vault XP percentage of total XP
 D = Non-vault monster count
 E = Vault monster count
 F = Vault count percentage of total count
                 A         B        C        D         E       F
            +---------+---------+-------+---------+---------+-------
      Total |     341 |      15 |   4.2 |      78 |       4 |   4.9
            +---------+---------+-------+---------+---------+-------
        D:1 |      45 |       0 |   0.0 |      27 |       0 |   0.0
        D:2 |      59 |       0 |   0.0 |      18 |       0 |   0.0
        D:3 |     218 |      10 |   4.4 |      24 |       2 |   7.7
        D:4 |      19 |       5 |  20.8 |       9 |       2 |  18.2
            +---------+---------+-------+---------+---------+-------
